 Dungeon Crawl Stone Soup version 0.29-a0-284-gf9362112df (webtiles) character file.

Game seed: 15488903349363609033

3672 YayAnonymity the Cleaver (level 10, 0/73 HPs)
             Began as a Formicid Fighter on Mar 18, 2022.
             Was an Initiate of Qazlal.
             Slain by a gnoll sergeant
             ... wielding a +1 trident of flaming
              (6 damage)
             ... on level 8 of the Dungeon.
             The game lasted 00:14:51 (8424 turns).

YayAnonymity the Cleaver (Formicid Fighter)         Turns: 8424, Time: 00:14:52

Health: 0/73       AC: 11    Str: 26    XL:     10   Next: 34%
Magic:  11/11      EV:  9    Int:  7    God:    Qazlal [......]
Gold:   168        SH:  6    Dex: 10    Spells: 9/9 levels left

rFire   . . .      SeeInvis +   a - +1 war axe (venom)
rCold   . . .      Faith    .   c - +0 buckler
rNeg    . . .      Spirit   .   A - +1 scale mail {rPois}
rPois   +          Reflect  .   (helmet unavailable)
rElec   +          Harm     .   u - +0 cloak
rCorr   +          Rampage  .   f - +1 pair of gloves
Will    +....                   (no boots)
Stlth   ..........              (no amulet)
HPRegen 0.22/turn               e - ring of resist corrosion
MPRegen 0.12/turn               t - ring of Gaunt {rElec rPois}

@: no status effects
A: permanent stasis, dig shafts and tunnels, antennae 3, four strong arms
a: Dig, Shaft Self, Renounce Religion


You were on level 8 of the Dungeon.
You worshipped Qazlal.
Qazlal was noncommittal.
You visited 2 branches of the dungeon, and saw 9 of its levels.
You also visited: Ossuary.

You collected 336 gold pieces.
You spent 168 gold pieces at shops.

Inventory:

Hand Weapons
 a - a +1 war axe of venom (weapon)
 b - a +4 whip of electrocution
Missiles
 g - 15 poisoned darts (quivered)
Armour
 c - a +0 buckler (worn)
 f - a +1 pair of gloves (worn)
 u - a +0 cloak (worn)
 A - a +1 scale mail of poison resistance (worn)
Jewellery
 e - a ring of resist corrosion (left hand)
 m - the ring "Zeajily" {rN+ Str+6 Int+3}
   (You found it on level 6 of the Dungeon)

   [ring of strength]

   Str:       It affects your strength (+6).
   Int:       It affects your intelligence (+3).
   rN:        It protects you from negative energy.
 t - the ring of Gaunt (right hand) {rElec rPois}
   (You acquired it on level 7 of the Dungeon)

   [ring of poison resistance]

   rElec:     It insulates you from electricity.
   rPois:     It protects you from poison.
Wands
 n - a wand of paralysis (4)
Scrolls
 h - a scroll of immolation
 j - 3 scrolls of enchant weapon
 l - a scroll of amnesia
 r - 2 scrolls of fear
Potions
 d - a potion of might
 i - a potion of brilliance
 k - 7 potions of mutation
 o - 3 potions of heal wounds
 p - 3 potions of curing
 q - a potion of ambrosia {unknown}
 s - a potion of lignification {unknown}
 w - a potion of haste {unknown}
 z - 2 potions of flight


   Skills:
 + Level 4.3 Fighting
 * Level 11.2 Axes
 + Level 4.7 Armour
 - Level 10.0 Shields
 + Level 2.5 Invocations


You had 9 spell levels left.
You didn't know any spells.
Your spell library contained the following spells:

 Spells                   Type           Power      Damage    Failure   Level
 Animate Skeleton         Necr           0%         N/A       75%         1
 Pain                     Necr           0%         1d4       75%         1
 Ensorcelled Hibernation  Hex/Ice        0%         N/A       87%         2
 Spider Form              Tmut/Pois      0%         N/A       98%         3
 Tukima's Dance           Hex            0%         N/A       98%         3
 Vampiric Draining        Necr           0%         2d6       98%         3
 Anguish                  Hex/Necr       0%         N/A       100%        4
 Enfeeble                 Hex            0%         N/A       100%        7


Dungeon Overview and Level Annotations

Branches:
Dungeon (8/15)             Temple (1/1) D:7         Ossuary (visited)
   Lair: D:8-11

Altars:
Ashenzari
Cheibriados
Dithmenos
Elyvilon
Gozag
Hepliaklqana
Kikubaaqudgha
Makhleb
Nemelex Xobeh
Okawaru
Qazlal
Ru
Sif Muna
Trog
Uskayaw
Vehumet
Wu Jian
Xom
Yredelemnul
Zin
The Shining One

Shops:
D:4 [


Innate Abilities, Weirdness & Mutations

You cannot be hasted, slowed, berserked, paralysed or teleported.
You can dig through walls and to a lower floor.
You have a pair of large antennae on your head. (SInv)
Your four strong arms can wield two-handed weapons with a shield.


Message History

You hit the orc.
The orc is poisoned.
You slash the orc wizard!
You kill the orc warrior!
Qazlal accepts your kill.
You kill the orc!
Qazlal accepts your kill. The orc wizard barely misses you.
You slash the orc wizard!
You kill the orc wizard!
Qazlal accepts your kill.
Training target 10.0 for Shields reached!
Your Shields skill increases to level 10!
An orc priest comes into view. It is wielding a +0 dagger.
The orc priest shouts!
You hear a shout!
The orc warrior hits you from afar with a +0 trident!
You block the gnoll's attack.
You slash the gnoll!
The gnoll is poisoned.
The gnoll is severely wounded.
You block the orc warrior's attack. The gnoll barely misses you.
An orc priest comes into view. It is wielding a +0 dagger.
You slash the gnoll!
You kill the gnoll!
Qazlal accepts your kill.
The orc warrior hits you from afar with a +0 trident!
A gnoll comes into view. It is wielding a +0 vampiric spear.
The gnoll shouts!
The orc warrior hits you with a +0 trident.
The gnoll sergeant hits you with a +1 trident of flaming!
The gnoll sergeant burns you.
* * * LOW HITPOINT WARNING * * *
The orc priest looks encouraged for a moment.
You see here a +0 club.
The gnoll sergeant attacks as you move away!
The gnoll sergeant hits you with a +1 trident of flaming!
* * * LOW HITPOINT WARNING * * *
The gnoll sergeant burns you.
* * * LOW HITPOINT WARNING * * *
The orc warrior hits you from afar with a +0 trident.
* * * LOW HITPOINT WARNING * * *
The gnoll sergeant hits you from afar with a +1 trident of flaming.
You die...

..###........
............
.go........#
.........#
....?...#
#......# ..
#og.o.#####..
##..)..#..!...
#...@.........
#...)<........
#...))........
###..(..........
#.(((..[........
#....)..........
#.........######
#...........
#............/


You could see an orc warrior, a gnoll sergeant and 2 orc priests.

Vanquished Creatures
  A two-headed ogre (D:8)
  Maggie (D:7)
  A hornet (D:7)
  Grinder (D:6)
  A wraith (Ossuary)
  3 orc warriors
  A sky beast (D:6)
  2 black bears
  An ice beast (D:6)
  3 centaurs
  2 necrophages
  A wyvern zombie (D:6)
  A water moccasin zombie (D:6)
  3 wights (D:7)
  A wyvern skeleton (D:6)
  2 jellies
  3 bullfrog zombies (D:6)
  A centaur zombie (D:6)
  A hound (D:4)
  4 orc priests
  Crazy Yiuf (D:7)
  2 iguanas (D:5)
  9 orc wizards
  A hound skeleton (D:5)
  A mummy (Ossuary)
  A howler monkey zombie (D:6)
  5 gnolls
  2 howler monkey skeletons (D:6)
  5 adders
  2 white imps (D:7)
  2 ufetubi (D:5)
  A worm (D:4)
  A dart slug (D:4)
  22 orcs
  4 endoplasms
  3 giant cockroaches
  8 goblins
  3 hobgoblins
  8 jackals
  8 quokkas
  4 ball pythons
  3 bats
  6 frilled lizards
  5 gnoll skeletons (Ossuary)
  3 kobolds
  6 kobold skeletons (Ossuary)
  14 orc skeletons (Ossuary)
  9 rats
173 creatures vanquished.

Vanquished Creatures (others)
  19 plants
  A withered plant (D:6)
20 creatures vanquished.

Grand Total: 193 creatures vanquished

Notes
Turn   | Place    | Note
-------+----------+-------------------------------------------
     0 | D:1      | YayAnonymity the Formicid Fighter began the quest for the
                  | Orb.
     0 | D:1      | Reached XP level 1. HP: 18/18 MP: 1/1
   264 | D:1      | Reached XP level 2. HP: 19/24 MP: 2/2
   833 | D:2      | Reached XP level 3. HP: 29/29 MP: 3/3
   835 | D:2      | Reached skill level 3 in Axes
  1780 | D:3      | Found a broken altar of Ashenzari.
  1817 | D:3      | Reached XP level 4. HP: 29/35 MP: 4/4
  1963 | D:3      | Found a sparkling altar of Nemelex Xobeh.
  1998 | D:3      | Reached XP level 5. HP: 41/41 MP: 5/5
  2112 | D:3      | Found a faded altar of an unknown god.
  2251 | D:3      | Found a snail-covered altar of Cheibriados.
  2678 | D:3      | Found an iron altar of Okawaru.
  2687 | D:3      | Reached skill level 4 in Axes
  2804 | D:4      | Reached skill level 5 in Shields
  2804 | D:4      | Reached XP level 6. HP: 47/47 MP: 6/6
  2861 | D:4      | Reached skill level 5 in Axes
  3055 | D:4      | Noticed a black bear
  3064 | D:4      | Killed a black bear
  3065 | D:4      | Reached XP level 7. HP: 33/52 MP: 7/7
  3135 | D:4      | Found a sand-covered staircase.
  3142 | Ossuary  | Entered an ossuary
  3142 | Ossuary  | Noticed a wraith
  3142 | Ossuary  | Noticed a wraith
  3142 | Ossuary  | Noticed a wraith
  3413 | Ossuary  | Noticed a wraith
  3438 | Ossuary  | Killed a wraith
  3439 | Ossuary  | Reached skill level 6 in Axes
  3590 | D:4      | Found a bloodstained altar of Trog.
  3657 | D:4      | Found an opulent altar of Gozag.
  3683 | D:4      | Found Efuch's Antique Armour Boutique.
  3693 | D:4      | Bought a shiny scale mail for 168 gold pieces
  3858 | D:5      | Entered Level 5 of the Dungeon
  4062 | D:5      | Found a radiant altar of Vehumet.
  4074 | D:5      | Reached XP level 8. HP: 37/58 MP: 8/8
  4340 | D:5      | Found a glowing silver altar of Zin.
  4380 | D:5      | Reached skill level 7 in Axes
  4689 | D:5      | Found a burning altar of Makhleb.
  4851 | D:6      | Noticed Grinder
  5163 | D:6      | Reached skill level 8 in Axes
  5178 | D:6      | Killed Grinder
  5179 | D:6      | Reached XP level 9. HP: 59/64 MP: 9/9
  5421 | D:6      | Reached skill level 9 in Axes
  5473 | D:6      | Identified the ring "Zeajily" {rN+ Str+6 Int+3}
  5961 | D:7      | Found a glowing golden altar of the Shining One.
  5963 | D:7      | Noticed an angel
  6015 | D:7      | HP: 3/64 [wight/+4 flail of freezing (3)]
  6017 | D:7      | HP: 1/63 [wight/+4 flail of freezing (4)]
  6335 | D:7      | Found a basalt altar of Yredelemnul.
  6712 | D:7      | Noticed a hornet
  6724 | D:7      | Killed a hornet
  6725 | D:7      | Reached skill level 10 in Axes
  6752 | D:7      | Noticed Maggie
  6777 | D:7      | Killed Maggie
  6992 | D:7      | Found a staircase to the Ecumenical Temple.
  7000 | Temple   | Entered the Ecumenical Temple
  7103 | Temple   | Became a worshipper of Qazlal Stormbringer
  7328 | D:7      | Found a sacrificial altar of Ru.
  7422 | D:7      | Identified a scroll of acquirement
  7422 | D:7      | Acquired the ring of Gaunt {rElec rPois}
  7435 | D:7      | Reached XP level 10. HP: 29/70 MP: 10/10
  7644 | D:7      | Found a runed translucent door.
  7645 | D:7      | Noticed Crazy Yiuf
  7783 | D:7      | Killed Crazy Yiuf
  7895 | D:8      | Noticed a two-headed ogre
  7905 | D:8      | Killed a two-headed ogre
  7906 | D:8      | Reached skill level 11 in Axes
  8420 | D:8      | Reached skill level 10 in Shields
  8424 | D:8      | Slain by a gnoll sergeant

Illustrated notes

Levels and vault maps discovered:
D:1:      saegor_arrival_under_anarchy, layout_basic, serial_park_tiny_2
D:2:      layout_loops_ring, serial_bayou_lagoon_b
D:3:      layout_basic, nemelex_xobeh_ov_fountains_minmay,
          mainiacjoe_overflow_brackets, lemuel_coloured_pillars_altar,
          okawaru_altar_gauntlet_db,
          dreamdust_ecumenical_altar_hidden_monk_grotto, serial_bayou_lagoon_a
D:4:      layout_cave_pools, nicolae_gozag_cash_rules_everything_around_me,
          trog_three_pillars_becter, serial_shops, shop,
          chequers_ossuary_entry_cave
D:5:      layout_basic, makhleb_blood_cavern_becter, kennysheep_little_box,
          overflow_temple_1_default
D:6:      layout_basic, serial_undead, serial_undead_e, serial_undead_e,
          serial_undead_c, serial_undead_b, uniq_grinder
D:7:      layout_basic, grunt_temple_overflow_holy_war,
          mainiacjoe_overflow_catwalk, minmay_temple_entry_large_hall,
          uniq_maggie, uniq_crazy_yiuf_cottage
D:8:      layout_basic, uniq_amaemon
Temple:   nicolae_temple_figure_zero

Skill      XL: |  1  2  3  4  5  6  7  8  9 10 |
---------------+-------------------------------+-----
Shields        | 4 5 6 7 9 10 | 10.0
Axes           | 3 4 5 6 8 10 11 | 11.2
Armour         | 4 |  4.7
Fighting       | 4 |  4.3
Invocations    | 2 |  2.5

Action                   |  1- 3 |  4- 6 |  7- 9 | 10-12 || total
-------------------------+-------+-------+-------+-------++-------
Melee: War axe           |    54 |       |    63 |    18 ||   135
       Whip              |    34 |   137 |   228 |    12 ||   411
Throw: Dart              |       |       |     1 |     4 ||     5
 Abil: Dig               |       |       |     1 |       ||     1
  Use: Scroll            |       |       |    19 |       ||    19
       Potion            |       |       |     4 |       ||     4
Armor: Scale mail        |    23 |       |    77 |    22 ||   122
       Chain mail        |    31 |    90 |    31 |       ||   152
Dodge: Dodged            |    31 |    61 |   105 |    14 ||   211
Block: Buckler           |    18 |    32 |    76 |    12 ||   138

Table legend: (Time is in decaauts)
 A = Elapsed time spent in this place.
 B = Non-inter-level travel time spent in this place.
 C = Inter-level travel time spent in this place.
 D = Time resting spent in this place.
 E = Time spent auto-exploring this place.
 F = Levels seen in this place.
 G = Mean time per level.
                   A        B        C        D        E       F      G
               +--------+--------+--------+--------+--------+-----+--------+
         Total |   8455 |   8169 |    286 |   1054 |   5438 |  10 |  845.5 |
       Dungeon |   7960 |   7683 |    277 |   1022 |   5187 |   8 |  995.0 |
        Temple |    125 |    116 |      9 |      0 |    110 |   1 |  125.0 |
       Ossuary |    369 |    369 |      0 |     32 |    141 |   1 |  369.0 |
               +--------+--------+--------+--------+--------+-----+--------+

Top non-repeatable levels by time:
     D:7: 2265 daAuts
     D:6: 1084 daAuts
     D:3: 1073 daAuts
     D:5: 991 daAuts
     D:2: 950 daAuts
     D:1: 845 daAuts
     D:4: 675 daAuts
 Ossuary: 369 daAuts
  Temple: 125 daAuts
     D:8: 73 daAuts
